 Dungeon Sprint DCSS version 0.26-a0-662-g8b9c6dab81 (webtiles) character file.

Game seed: 4421354380039537105

256 olmar the Geomancer (level 5, -1/42 HPs)
             Began as a Deep Dwarf Earth Elementalist on Oct 9, 2020.
             Slain by a queen bee (4 damage)
             ... in the Dungeon (Sprint IV: "Fedhas' Mad Dash").
             The game lasted 00:02:53 (563 turns).

olmar the Geomancer (Deep Dwarf Earth Elementalist)  Turns: 563, Time: 00:02:54

Health: -1/42      AC:  2    Str: 12    XL:     5   Next: 92%
Magic:  0/12       EV: 12    Int: 16    God:
Gold:   55         SH:  0    Dex: 13    Spells: 7/13 levels left

rFire    . . .     SeeInvis .   (no weapon)
rCold    . . .     Faith    .   (no shield)
rNeg     . . .     Spirit   .   c - +0 robe
rPois    .         Reflect  .   (no helmet)
rElec    .         Harm     .   (no cloak)
rCorr    .         Rampage  .   (no gloves)
MR       .....     NoTele   +   (no boots)
Stlth    ++........             h - amulet of invisibility {+Inv}
HPRegen  0.00/turn              (no ring)
MPRegen  0.13/turn              (no ring)

@: very slightly contaminated, non-regenerating
A: damage resistance, heal wounds, sense surroundings 1, no regeneration
a: Heal Wounds, Evoke Invisibility


You were in the Dungeon.
You visited 1 branch You collected 55 gold pieces.

Inventory:

Missiles
 b - 4 stones (quivered)
Armour
 c - a +0 robe (worn)
Jewellery
 h - the amulet of invisibility (around neck) {+Inv}
   (You found it in the Dungeon)

   [amulet of nothing]

   It lets you turn invisible.
Scrolls
 a - 2 scrolls of identify {unknown}
 i - a scroll of blinking
Potions
 d - a potion of curing
 e - a potion of heal wounds
 f - a potion of haste


   Skills:
 - Level 2.1 Dodging
 - Level 2.4 Stealth
 + Level 4.8 Spellcasting
   Level 0.8 Transmutations
 + Level 14.2 Earth Magic


You had 7 spell levels left.
You knew the following spells:

 Your Spells              Type           Power        Failure   Level
a - Sandblast             Erth           #####.       1%          1
b - Lee's Rapid Deconstr  Erth           #####.....   1%          5

Your spell library contained the following spells:

 Spells                   Type           Power        Failure   Level
 Passwall                 Tmut/Erth      ####....     1%          2
 Stone Arrow              Conj/Erth      ####..       2%          3
 Petrify                  Tmut/Erth      ####....     7%          4


Dungeon Overview and Level Annotations

Branches:
Dungeon (1/1)

Altars:


Innate Abilities, Weirdness & Mutations

You are resistant to damage.
You can heal yourself by infusing magical energy.
You passively map a small area around you.
You do not regenerate.


Message History

The queen bee stings you but does no damage.
Casting: Sandblast (safe; 1% risk of failure)
Confirm with . or Enter, or press ? or * to list all spells.
Aiming: Sandblast (safe; 1% risk of failure)
Press: ? - help, Shift-Dir - straight line, f/p - queen bee
Aim: a queen bee (moderately wounded)
The blast of sand hits the queen bee!
The queen bee is almost dead.
b - 4 stones The queen bee stings you!
* * * LOW HITPOINT WARNING * * *
Unknown command.
You hit the queen bee but do no damage.
The queen bee is almost dead.
The queen bee closely misses you.
Unknown command.
You hit the queen bee but do no damage.
The queen bee is almost dead.
The queen bee stings you!
You die...

################## *
#<..P#.....#.....#
#PP..'..÷..††#...+,,
#PPPP#.....#.#...# ,
###############'##,
_ , ,♣........'y@.#
......♣.....#...#
.....♣..♣..######**
#+## #+##### , , , ,
,* , ,, , * * , , ,,
* * ** * , , , , ,


You could see a queen bee.

Vanquished Creatures
  4 killer bees (D)
  2 oklob saplings (D)
  A worker ant (D)
  A river rat (D)
  A rat (D)
9 creatures vanquished.

Notes
Turn   | Place    | Note
-------+----------+-------------------------------------------
     0 | D        | olmar the Deep Dwarf Earth Elementalist began the quest for
                  | the Orb.
     0 | D        | Reached XP level 1. HP: 15/15 MP: 3/3
    11 | D        | Reached skill level 6 in Earth Magic
    11 | D        | Reached XP level 2. HP: 22/22 MP: 0/4
   155 | D        | Noticed an oklob sapling
   156 | D        | Killed an oklob sapling
   156 | D        | Reached skill level 9 in Earth Magic
   156 | D        | Reached XP level 3. HP: 25/28 MP: 3/5
   160 | D        | Found the amulet of invisibility {+Inv}
   160 | D        | Reached skill level 10 in Earth Magic
   193 | D        | Noticed an oklob sapling
   201 | D        | Killed an oklob sapling
   201 | D        | Reached skill level 11 in Earth Magic
   201 | D        | Reached XP level 4. HP: 32/36 MP: 1/6
   252 | D        | Noticed a queen bee
   264 | D        | Reached skill level 12 in Earth Magic
   274 | D        | Reached skill level 13 in Earth Magic
   274 | D        | Reached XP level 5. HP: 38/42 MP: 7/10
   279 | D        | Reached skill level 14 in Earth Magic
   286 | D        | Learned a level 5 spell: Lee's Rapid Deconstruction
   563 | D        | Slain by a queen bee

Illustrated notes

Levels and vault maps discovered:
D:        dungeon_sprint_fedhas [sprint_temple]

Skill      XL: |  1  2  3  4  5 |
---------------+----------------+-----
Earth Magic    | 6 9 11 13 14 | 14.2
Spellcasting   | 3 4 |  4.8
Dodging        | |  2.1
Stealth        | |  2.4
Transmutations | |  0.8

Action                   |  1- 3 |  4- 6 || total
-------------------------+-------+-------++-------
Melee: Unarmed           |     2 |     7 ||     9
 Cast: Sandblast         |    11 |    15 ||    26
       Lee's Rapid Decon |       |     4 ||     4
 Abil: Evoke Invisibilit |     1 |     2 ||     3
  Use: Potion            |     2 |     2 ||     4
Armor: Robe              |       |     5 ||     5
Dodge: Dodged            |       |    19 ||    19

Table legend: (Time is in decaauts)
 A = Elapsed time spent in this place.
 B = Non-inter-level travel time spent in this place.
 C = Inter-level travel time spent in this place.
 D = Time resting spent in this place.
 E = Time spent auto-exploring this place.
 F = Levels seen in this place.
 G = Mean time per level.
                   A        B        C        D        E       F      G
               +--------+--------+--------+--------+--------+-----+--------+
         Total |    573 |    564 |      9 |    420 |      0 |   1 |  573.0 |
       Dungeon |    573 |    564 |      9 |    420 |      0 |   1 |  573.0 |
               +--------+--------+--------+--------+--------+-----+--------+

Top non-repeatable levels by time:
       D: 573 daAuts
